 Dungeon Crawl Stone Soup version 0.21.1-1-g345015f (webtiles) character file.

35 jamsan the Grasshopper (level 3, -2/18 HPs)
             Began as a Spriggan Warper on June 9, 2018.
             Slain by a worm (11 damage)
             ... on level 2 of the Dungeon.
             The game lasted 00:08:51 (1792 turns).

jamsan the Grasshopper (Spriggan Warper)            Turns: 1792, Time: 00:08:51

Health: -2/18      AC:  2    Str:  7    XL:     3   Next: 17%
Magic:  7/8        EV: 19    Int: 14    God:
Gold:   94         SH:  0    Dex: 16    Spells: 1/8 levels left

rFire    . . .     SeeInvis +   a - +0 short sword
rCold    . . .     Gourm    .   (shield restricted)
rNeg     . . .     Faith    .   b - +0 robe
rPois    .         Spirit   .   (helmet restricted)
rElec    .         Reflect  .   (no cloak)
rCorr    .         Harm     .   (gloves unavailable)
MR       .....                  (boots unavailable)
Stlth    ++........             (no amulet)
HPRegen  0.06/turn              (no ring)
MPRegen  0.11/turn              (no ring)

@: very quick
A: very small, unfitting armour, see invisible, herbivore, speed 3, slow
metabolism 2
a: no special abilities


You were on level 2 of the Dungeon.
You were not hungry.

You visited 1 branch of the dungeon, and saw 2 of its levels.

You collected 94 gold pieces.

Inventory:

Hand Weapons
 a - a +0 short sword (weapon)
Missiles
 e - 5 tomahawks of dispersal (quivered)
 n - 2 curare-tipped needles
Armour
 b - a +0 robe (worn)
Jewellery
 p - an uncursed ring of ice {unknown}
Scrolls
 d - a scroll of blinking
 i - 2 scrolls of fog {unknown}
 j - a scroll of enchant armour {unknown}
 m - a scroll of identify {unknown}
 q - a scroll of teleportation {unknown}
Potions
 g - a potion of berserk rage {unknown}
 h - a potion of invisibility {unknown}
 k - a potion of lignification {unknown}
 l - 3 potions of ambrosia {unknown}
 o - a potion of flight {unknown}
 r - a potion of brilliance {unknown}
 s - a potion of degeneration {unknown}
Books
 c - a book of Spatial Translocations

   Spells                             Type                      Level
   a - Blink                          Translocation                2
   b - Shroud of Golubria             Charms/Translocation         2
   c - Lesser Beckoning               Translocation                3
   d - Gell's Gravitas                Translocation                3
   e - Teleport Other                 Translocation                3
   f - Passage of Golubria            Translocation                4
Comestibles
 f - 2 rations


   Skills:
 + Level 1.8 Fighting
 + Level 2.6 Short Blades
 - Level 1.3 Throwing
 + Level 4.0 Dodging
 + Level 1.1 Stealth
 + Level 3.1 Spellcasting
 + Level 1.0 Charms
 - Level 4.4 Translocations


You had one spell level left.
You knew the following spells:

 Your Spells              Type           Power        Failure   Level  Hunger
a - Blink                 Tloc           N/A          5%          2    ##.....
b - Shroud of Golubria    Chrm/Tloc      #.........   11%         2    ##.....
c - Teleport Other        Tloc           ##......     11%         3    ###....


Dungeon Overview and Level Annotations

Branches:
Dungeon (2/15)

Altars:
Kikubaaqudgha


Innate Abilities, Weirdness & Mutations

You are very small and have problems with some larger weapons.
You are too small for most types of armour.
You have supernaturally acute eyesight. (SInv)
You are a herbivore.
You cover ground extremely quickly.
You need consume almost no food.


Message History

You hit the worm.
The worm is heavily wounded.
The worm completely misses you.
You hit the worm.
The worm is heavily wounded.
You hit the worm.
The worm is heavily wounded.
The worm bites you!
Ouch! That really hurt!
Your shroud falls apart!
You hit the worm.
The worm is severely wounded.
You hit the worm.
The worm is severely wounded.
The worm closely misses you.
You barely miss the worm.
The worm is severely wounded.
The worm bites you!
Ouch! That really hurt!
You die...

....#### #.......# ._..#
#...#..# ###. ....#
#...[.###.....
###.########.....$...#
..#..........###..##.#
#####...######....# #
..#...#....<..#...##.###.
#.#.##########.#w........
..(.## ##†@........
...#[## #.#.##.....
#.###.#########.#.# ###..
..# ##..)....##.#.##### .
#.###.######...........
...#.##...........##$.#
###.....#######.......
............ ...###.#
############ #..# .#


You could see a worm.

Vanquished Creatures
  2 dart slugs
  A leopard gecko (D:1)
  3 bats
  2 giant cockroaches (D:2)
  6 goblins (D:1)
  3 hobgoblins
  2 jackals (D:1)
  2 frilled lizards (D:1)
  7 kobolds (D:1)
28 creatures vanquished.

Vanquished Creatures (others)
  A human (D:2)
1 creature vanquished.

Grand Total: 29 creatures vanquished

Notes
Turn   | Place    | Note
-------+----------+-------------------------------------------
     0 | D:1      | jamsan the Spriggan Warper began the quest for the Orb.
     0 | D:1      | Reached XP level 1. HP: 10/10 MP: 5/5
   223 | D:1      | Reached XP level 2. HP: 9/15 MP: 6/6
   227 | D:1      | Learned a level 2 spell: Blink
   230 | D:1      | Learned a level 2 spell: Shroud of Golubria
  1295 | D:1      | Reached skill level 1 in Stealth
  1486 | D:2      | Found an ancient bone altar of Kikubaaqudgha.
  1488 | D:2      | Noticed a human
  1491 | D:2      | Killed a human
  1522 | D:2      | Found a faded altar of an unknown god.
  1549 | D:2      | Reached XP level 3. HP: 18/18 MP: 5/8
  1554 | D:2      | Learned a level 3 spell: Teleport Other
  1626 | D:2      | Reached skill level 1 in Charms
  1792 | D:2      | Slain by a worm

Skill      XL: |  1  2  3 |
---------------+----------+-----
Spellcasting   | 3 |  3.1
Dodging        | 4 |  4.0
Stealth        | 1 |  1.1
Charms         | 1 |  1.0
Fighting       | |  1.8
Short Blades   | |  2.6
Throwing       | |  1.3
Translocations | |  4.4

Action                   || total
-------------------------++-------
Melee: Short sword       ||   137
 Cast: Shroud of Golubri ||    11
 Stab: Sleeping          ||     2
Armor: Robe              ||    20
Dodge: Dodged            ||    99
